 Seeded DCSS version 0.29-a0-409-gd843f3a48c (webtiles) character file.

Game seed: 14757055994965263044 (custom seed)

308 zeratav the Digger (level 6, 0/36 HPs)
             Began as an Octopode Earth Elementalist on May 13, 2022.
             Succumbed to a scorpion's poison
             ... on level 4 of the Dungeon.
             The game lasted 00:06:56 (3659 turns).

zeratav the Digger (Octopode Earth Elementalist)    Turns: 3659, Time: 00:06:57

Health: 0/36       AC:  1    Str: 13    XL:     6   Next: 40%
Magic:  12/20      EV: 13    Int: 28    God:
Gold:   147        SH:  0    Dex: 18    Spells: 8/12 levels left

rFire   + . .      SeeInvis .   v - +3 short sword (holy) {short}
rCold   . . .      Faith    .   (no shield)
rNeg    . . .      Spirit   .   q - +0 hat
rPois   .          Reflect  .   (no amulet)
rElec   +          Harm     .   c - ring of magical power
rCorr   .          Rampage  .   k - ring of Hospitality {rElec rF+ Str+5 Int+3 Stlth-}
Will    .....                   m - +6 ring of intelligence
Stlth   ++........              n - +6 ring of dexterity
HPRegen 0.12/turn               (no ring)
MPRegen 0.17/turn               (no ring)
                                (no ring)
                                (no ring)

@: mighty, lethally poisoned (0 -> -4)
A: almost no armour, amphibious, 8 rings, camouflage 1, gelatinous body 1,
(nimble swimmer 1), tentacles
a: no special abilities


You were on level 4 of the Dungeon.
You visited 1 branch of the dungeon, and saw 4 of its levels.

You collected 147 gold pieces.


Innate Abilities, Weirdness & Mutations

You cannot wear most types of armour.
You are amphibious.
You can wear up to eight rings at the same time.
Your skin changes colour to match your surroundings (Stealth+).
Your rubbery body absorbs attacks. (AC +1, EV +1)
((You are camouflaged when in or above water. (Stealth+)))
You have tentacles for arms and can constrict up to eight enemies at once.


   Skills:
 - Level 2.0 Dodging
 - Level 2.6 Stealth
 + Level 3.7 Spellcasting
 - Level 1.0 Transmutations
 * Level 6.0 Earth Magic


You had 8 spell levels left.
You knew the following spells:

 Your Spells              Type           Power      Damage    Failure   Level
a - Sandblast             Erth           78%        2d17      1%          1
b - Stone Arrow           Conj/Erth      44%        3d9       7%          3

Your spell library contained the following spells:

 Spells                   Type           Power      Damage    Failure   Level
 Passwall                 Tmut/Erth      20%        N/A       2%          2
 Freeze                   Ice            20%        1d4       8%          1
 Petrify                  Tmut/Erth      24%        N/A       19%         4
 Frozen Ramparts          Ice            10%        1d3       22%         3
 Hailstorm                Conj/Ice       5%         3d4       58%         4

Inventory:

Hand Weapons
 v - a +3 short sword of holy wrath (weapon) {short}
   (You took it off a kobold on level 3 of the Dungeon)
Missiles
 a - 86 stones {throwing}
Armour
 q - a +0 hat (worn)
   (You found it on level 3 of the Dungeon)
Jewellery
 c - a ring of magical power (left tentacle)
   (You found it on level 1 of the Dungeon)
 k - the ring of Hospitality (right tentacle) {rElec rF+ Str+5 Int+3 Stlth-}
   (You acquired it on level 2 of the Dungeon)

   [ring of protection from fire]

   Str:       It affects your strength (+5).
   Int:       It affects your intelligence (+3).
   rF:        It protects you from fire.
   rElec:     It insulates you from electricity.
   Stlth:     It makes you less stealthy.
 m - a +6 ring of intelligence (on tentacle)
   (You found it on level 2 of the Dungeon)
 n - a +6 ring of dexterity (on tentacle)
   (You found it on level 2 of the Dungeon)
Scrolls
 d - a scroll of identify {unknown}
 j - a scroll of fear {unknown}
 l - a scroll of silence {unknown}
 o - a scroll of poison {unknown}
 r - a scroll of brand weapon {unknown}
 t - a scroll of fog {unknown}
 u - a scroll of enchant weapon
Potions
 e - a potion of degeneration {unknown}
 g - a potion of invisibility {unknown}
 h - a potion of might
 p - a potion of flight {unknown}
 s - a potion of mutation {unknown}

Dungeon Overview and Level Annotations

Branches:
Dungeon (4/15)
 Temple: D:4-7

Altars:
Nemelex Xobeh
Qazlal
Wu Jian
Zin

Shops:
D:3

* # ##
###########.
#...........
#.#########>
###############.#
##
........†@)§...)##
#.
###.#######.###†.#
#. #.# ##.# #.
#######'####.# #.
.#...#....##.# #.
.#####....##.#
###.
..........'..#
#...
..........####
#.#. .#####..###
#.#.


There were no monsters in sight!


Message History

You barely miss the river rat. You grab the river rat.
You constrict the river rat. The river rat barely misses you.
You barely miss the river rat. You constrict the river rat.
The river rat bites you!
HP[-7]
You take 7 damage, and now have 20/36 hp.
You hit the river rat but do no damage. You squeeze the river rat.
You kill the river rat!
The river rat's corpse disappears in a puff of smoke!
The bat hits you.
HP[-1]
You take 1 damage, and now have 19/36 hp.
You hit the bat. You grab the bat. You constrict the bat.
You kill the bat!
The bat's corpse disappears in a puff of smoke!
The bat hits you.
A scorpion comes into view.
The crimson imp blinks!
The bat barely misses you.
Eustachio casts a spell.
You puncture the bat!
You kill the bat!
The bat's corpse disappears in a puff of smoke!
Eustachio mumbles some strange words.
Eustachio blinks!
Casting: Stone Arrow (dangerous; 7% risk of failure)
Confirm with . or Enter, or press ? or * to list all spells.
Aiming: Stone Arrow (dangerous; 7% risk of failure)
Press: ? - help, Shift-Dir - straight line, f - crimson imp
Aim: a crimson imp (purple smoke, summoned, 57% to hit)
Okay, then.
You hit the crimson imp.
The crimson imp convulses.
Your grab misses the crimson imp. You squeeze the crimson imp!
The crimson imp barely misses you.
You puncture the crimson imp!
You kill the crimson imp!
The crimson imp disappears in a puff of smoke!
You hit the quokka but do no damage. Your grab misses the quokka.
Your squeeze misses the quokka. The quokka closely misses you.
You closely miss the quokka. Your grab misses the quokka. The quokka bites you.
* * * LOW HITPOINT WARNING * * *
The scorpion barely misses you. The quokka barely misses you.
HP[-5]
You take 5 damage, and now have 14/36 hp.
Casting: Stone Arrow (dangerous; 7% risk of failure)
Confirm with . or Enter, or press ? or * to list all spells.
Aiming: Stone Arrow (dangerous; 7% risk of failure)
Press: ? - help, Shift-Dir - straight line, f - scorpion
Aim: a scorpion (71% to hit)
The stone arrow misses the scorpion.
The scorpion barely misses you.
The quokka twitches its whiskers.
The quokka misses you.
MP[-3]
You lost 3 mp, and now have 17/20 mp.
Casting: Stone Arrow (dangerous; 7% risk of failure)
Confirm with . or Enter, or press ? or * to list all spells.
Aiming: Stone Arrow (dangerous; 7% risk of failure)
Press: ? - help, Shift-Dir - straight line, f/p - scorpion
Aim: a scorpion (71% to hit)
The stone arrow hits the scorpion!
The scorpion closely misses you.
The quokka bites you but does no damage.
The white imp lashes its tail.
The scorpion stings you.
* * * LOW HITPOINT WARNING * * *
You are lethally poisoned!
The scorpion poisons you!
HP[-6] MP[-3]
You take 6 damage, and now have 8/36 hp.
You lost 3 mp, and now have 14/20 mp.
Casting: Stone Arrow (dangerous; 7% risk of failure)
Confirm with . or Enter, or press ? or * to list all spells.
Aiming: Stone Arrow (dangerous; 7% risk of failure)
Press: ? - help, Shift-Dir - straight line, f/p - scorpion
Aim: a scorpion (heavily wounded, 71% to hit)
The stone arrow hits the scorpion!
You kill the scorpion!
* * * LOW HITPOINT WARNING * * *
You feel sick. The quokka bites you.
* * * LOW HITPOINT WARNING * * *
Your Earth Magic skill increases to level 6!
HP[-4] MP[-2]
You take 4 damage, and now have 4/36 hp.
You lost 2 mp, and now have 12/20 mp.
It was a potion of might.
You feel very mighty all of a sudden.
* * * LOW HITPOINT WARNING * * *
You feel sick.
The white imp disappears in a puff of smoke!
The quokka barely misses you. x2
HP[-2]
You take 2 damage, and now have 2/36 hp.
You puncture the quokka!
You kill the quokka!
The quokka's corpse disappears in a puff of smoke!
* * * LOW HITPOINT WARNING * * *
You feel sick.
HP[-1]
You take 1 damage, and now have 1/36 hp.
You puncture Eustachio!
You kill Eustachio!
You die...

Skill      XL: |  1  2  3  4  5  6 |
---------------+-------------------+-----
Earth Magic    | 4 5 6 |  6.0
Spellcasting   | 3 |  3.7
Dodging        | |  2.0
Stealth        | |  2.6
Transmutations | |  1.0

Action                   |  1- 3 |  4- 6 || total
-------------------------+-------+-------++-------
Melee: Unarmed           |     2 |       ||     2
       Tentacles         |     4 |    11 ||    15
       Constrict         |     4 |    11 ||    15
       Dagger            |    15 |    22 ||    37
       Short sword       |       |    18 ||    18
 Cast: Sandblast         |    53 |    43 ||    96
       Stone Arrow       |       |     9 ||     9
  Use: Scroll            |     1 |     2 ||     3
       Potion            |       |     2 ||     2
 Stab: Sleeping          |     5 |       ||     5
Armor: Skin              |     2 |     6 ||     8
Dodge: Dodged            |    24 |    51 ||    75

Levels and vault maps discovered:
D:1:      minmay_arrival_cross, layout_loops_ring, serial_bayou,
          serial_bayou_pond_a, serial_bayou_ford_a, serial_bayou_pond_c,
          serial_bayou_shore_a, minmay_tripent
D:2:      layout_basic, minmay_stone_trees_small, st_stairs_12,
          kennysheep_generic_room_15
D:3:      layout_loops_cross, gammafunk_temple_overflow_forgotten,
          nicolae_wu_jian_wuxing_cycle, dilly_ecumenical_altar_fadedgnrine,
          serial_shops, nicolae_shop_overgrown_old_shop,
          minmay_misc_feat_ornament, lexackson_kobold_supper
D:4:      layout_loops_ring, serial_aquarium, aquarium_bridge_square
          [aquarium_subvault_wall, aquarium_subvault_bridge,
          aquarium_subvault_wall, aquarium_subvault_wall],
          aquarium_bridge_long_joined [aquarium_subvault_wall,
          aquarium_subvault_wall, aquarium_subvault_bridge,
          aquarium_subvault_wall, aquarium_subvault_bridge,
          aquarium_subvault_window], aquarium_window_corner,
          aquarium_window_fake, aquarium_view_4, aquarium_balcony_3b,
          aquarium_pool_five, uniq_ijyb, uniq_eustachio

Notes
Turn   | Place    | Note
-------+----------+-------------------------------------------
     0 | D:1      | zeratav the Octopode Earth Elementalist began the quest for
                  | the Orb.
     0 | D:1      | Reached XP level 1. HP: 11/11 MP: 3/3
     0 | D:1      | magus.rc [v1.9.6]
   257 | D:1      | Reached XP level 2. HP: 16/17 MP: 5/5
   732 | D:1      | Reached XP level 3. HP: 21/21 MP: 6/6
  1188 | D:2      | Reached skill level 4 in Earth Magic
  1319 | D:2      | Identified a scroll of acquirement
  1319 | D:2      | Acquired the ring of Hospitality {rElec rF+ Str+5 Int+3
                  | Stlth-}
  1609 | D:2      | Reached XP level 4. HP: 14/27 MP: 8/8
  1955 | D:2      | Upgraded the game from 0.29-a0-398-ge13fd1374b to
                  | 0.29-a0-409-gd843f3a48c
  1955 | D:2      | magus.rc [v1.9.6]
  2421 | D:3      | Found a stormy altar of Qazlal.
  2421 | D:3      | Found a glowing silver altar of Zin.
  2422 | D:3      | Found a sparkling altar of Nemelex Xobeh.
  2492 | D:3      | Reached skill level 3 in Spellcasting
  2509 | D:3      | Reached skill level 5 in Earth Magic
  2509 | D:3      | Reached XP level 5. HP: 29/31 MP: 9/9
  2539 | D:3      | You pick up a book of Frost and begin reading...
  2539 | D:3      | You add the spells Freeze, Frozen Ramparts and Hailstorm to
                  | your library.
  2643 | D:3      | Learned a level 3 spell: Stone Arrow
  2846 | D:3      | Found Zakudgh Ucawn's Assorted Antiques.
  2988 | D:3      | Found an ornate altar of the Wu Jian Council.
  3247 | D:3      | Found a faded altar of an unknown god.
  3565 | D:4      | Reached XP level 6. HP: 33/36 MP: 11/11
  3626 | D:4      | Noticed Eustachio
  3655 | D:4      | HP: 8/36 [scorpion (6)]
  3657 | D:4      | Reached skill level 6 in Earth Magic
  3657 | D:4      | HP: 2/36 [poisoned by a scorpion]
  3659 | D:4      | Killed Eustachio
  3659 | D:4      | Succumbed to a scorpion's poison

Vanquished Creatures
  Eustachio (D:4)
  A scorpion (D:4)
  2 hounds (D:4)
  An iguana (D:3)
  6 gnolls
  An adder (D:4)
  2 worms (D:2)
  A dart slug (D:3)
  An orc (D:3)
  5 ball pythons
  4 bats
  9 endoplasms
  2 giant cockroaches
  7 goblins
  3 hobgoblins
  16 jackals
  2 quokkas (D:2)
  2 frilled lizards (D:3)
  14 kobolds
  8 rats
88 creatures vanquished.

Vanquished Creatures (others)
  19 fungi (D:4)
  10 plants
29 creatures vanquished.

Grand Total: 117 creatures vanquished

Table legend:
 A = Non-vault XP
 B = Vault XP
 C = Vault XP percentage of total XP
 D = Non-vault monster count
 E = Vault monster count
 F = Vault count percentage of total count
                 A         B        C        D         E       F
            +---------+---------+-------+---------+---------+-------
      Total |     422 |     221 |  34.4 |      75 |      13 |  14.8
            +---------+---------+-------+---------+---------+-------
        D:1 |      34 |       4 |  10.5 |      21 |       2 |   8.7
        D:2 |     104 |       3 |   2.8 |      32 |       2 |   5.9
        D:3 |      47 |      11 |  19.0 |       6 |       8 |  57.1
        D:4 |     237 |     203 |  46.1 |      16 |       1 |   5.9
            +---------+---------+-------+---------+---------+-------

Illustrated notes

Table legend:
 A = Kills in this place as a percentage of kills in entire the game.
 B = Kills by you in this place as a percentage of kills by you in the entire game.
 C = Kills by friends in this place as a percentage of kills by friends in the entire game.
 D = Other kills in this place as a percentage of other kills in the entire game.
 E = Experience gained in this place as a percentage of experience gained in the entire game.
 F = Experience gained in this place divided by the number of levels of this place that you have seen.
                   A       B       C       D       E      F
               +-------+-------+-------+-------+-------+----------------------
         Total | 100.0 | 100.0 |   N/A |   N/A | 100.0 | 160.8
       Dungeon | 100.0 | 100.0 |   N/A |   N/A | 100.0 | 160.8
               +-------+-------+-------+-------+-------+----------------------

Table legend: (Time is in decaauts)
 A = Elapsed time spent in this place.
 B = Non-inter-level travel time spent in this place.
 C = Inter-level travel time spent in this place.
 D = Time resting spent in this place.
 E = Time spent auto-exploring this place.
 F = Levels seen in this place.
 G = Mean time per level.
                   A        B        C        D        E       F      G
               +--------+--------+--------+--------+--------+-----+--------+
         Total |   3656 |   3567 |     89 |    429 |   2659 |   4 |  914.0 |
       Dungeon |   3656 |   3567 |     89 |    429 |   2659 |   4 |  914.0 |
               +--------+--------+--------+--------+--------+-----+--------+

Top non-repeatable levels by time:
     D:2: 1359 daAuts
     D:1: 1010 daAuts
     D:3: 917 daAuts
     D:4: 370 daAuts
